 Dungeon Crawl Stone Soup version 0.28.0-53-g5a82cb258f (webtiles) character file.

Game seed: 10415683030360679012

21 protoss039 the Digger (level 2, -8/31 HPs)
             Began as a Demonspawn Earth Elementalist on June 16, 2022.
             Mangled by a gnoll
             ... wielding a +0 halberd
              (9 damage)
             ... on level 2 of the Dungeon.
             The game lasted 00:01:24 (1826 turns).

protoss039 the Digger (DsEE)                        Turns: 1826, Time: 00:01:25

Health: -8/31      AC: 21    Str:  8    XL:     2   Next: 62%
Magic:  3/5        EV:  2    Int: 16    God:
Gold:   51         SH:  0    Dex: 13    Spells: 4/5 levels left

rFire   . . .      SeeInvis .   a - +1 dagger (venom)
rCold   . . .      Faith    .   (no shield)
rNeg    . . .      Spirit   .   (armour currently unavailable)
rPois   +          Reflect  .   (helmet currently unavailable)
rElec   .          Harm     .   (cloak currently unavailable)
rCorr   .          Rampage  .   (gloves currently unavailable)
Will    .....      NoTele   +   (boots currently unavailable)
Stlth   ++........              (no amulet)
HPRegen 0.10/turn               (no ring)
MPRegen 0.09/turn               (no ring)

@: tree-form
A: stationary, stasis, torment immunity, boosted hp, (sharp scales 1)
a: no special abilities


You were on level 2 of the Dungeon.
You were a tree.
You visited 1 branch of the dungeon, and saw 2 of its levels.

You collected 51 gold pieces.

Inventory:

Hand Weapons
 a - a +1 dagger of venom (weapon)
Missiles
 c - 25 stones
Armour
 b - a +0 robe (melded)
Scrolls
 e - 2 scrolls of identify {unknown}
 g - a scroll of brand weapon {unknown}
 j - a scroll of fog {unknown}
 k - a scroll of fear {unknown}
Potions
 i - a potion of haste {unknown}


   Skills:
 * Level 1.0 Fighting
 + Level 0.4 Armour
 - Level 1.7 Dodging
 - Level 1.7 Stealth
 + Level 2.1 Spellcasting
 * Level 1.6 Transmutations
 + Level 2.8 Earth Magic


You had 4 spell levels left.
You knew the following spells:

 Your Spells              Type           Power      Damage    Failure   Level
a - Sandblast             Erth           20%        2d7       6%          1

Your spell library contained the following spells:

 Spells                   Type           Power      Damage    Failure   Level
 Passwall                 Tmut/Erth      6%         N/A       12%         2
 Freeze                   Ice            4%         1d3       21%         1
 Stone Arrow              Conj/Erth      12%        3d7       34%         3
 Frozen Ramparts          Ice            2%         1d2       52%         3
 Petrify                  Tmut/Erth      8%         N/A       63%         4
 Hailstorm                Conj/Ice       1%         3d3       90%         4


Dungeon Overview and Level Annotations

Branches:
Dungeon (2/15)

Altars:

Shops:
D:2 (


Innate Abilities, Weirdness & Mutations

You are a tree.
Your roots penetrate the ground, keeping you stationary.
You cannot be teleported.
You are immune to unholy pain and torment.
Your maximum health is greatly increased.
Your equipment is partially melded.
((You are partially covered in razor-sharp scales. (AC +1, Slay +1)))


Message History

Your roots penetrate the ground.
The net rips apart!
Unknown command.
Unknown command.
Unknown command.
You hit the gnoll.
The gnoll is lightly wounded.
The gnoll hits you but does no damage.
You completely miss the gnoll.
The gnoll is lightly wounded.
The gnoll hits you but does no damage. x2
Unknown command.
You closely miss the gnoll.
The gnoll is lightly wounded.
The gnoll hits you but does no damage.
Unknown command.
You closely miss the gnoll.
The gnoll is lightly wounded.
The gnoll hits you from afar with a +0 halberd.
* * * LOW HITPOINT WARNING * * *
The gnoll hits you but does no damage. x2
Casting: Sandblast (safe; 6% risk of failure)
Confirm with . or Enter, or press ? or * to list all spells.
Aiming: Sandblast (safe; 6% risk of failure)
Press: ? - help, Shift-Dir - straight line, f - gnoll
Aim: a gnoll, wielding a +0 vorpal spear (82% to hit)
The blast of sand hits the gnoll.
The gnoll is heavily wounded.
The gnoll hits you from afar with a +0 halberd.
* * * LOW HITPOINT WARNING * * *
The gnoll hits you but does no damage. x2
Unknown command.
Casting: Sandblast (safe; 6% risk of failure)
Confirm with . or Enter, or press ? or * to list all spells.
Aiming: Sandblast (safe; 6% risk of failure)
Press: ? - help, Shift-Dir - straight line, f/p - gnoll
Aim: a gnoll, wielding a +0 vorpal spear (heavily wounded, 82% to hit)
The blast of sand hits the gnoll.
The gnoll is severely wounded.
The gnoll hits you from afar with a +0 halberd!
You die...

.##.#.##÷#.##.#############
.##.#.....................#..
.......).......ggg.g.........
.##.#......##.#######.###.#..
.##.#.#######..# #.# ###
.##.#.# ##g## ###g###g....
....#.# #gg# #...g.gg....
#####.# ##.###.#.########
......# #g♣##.#.# #######
##.##.#.# #.##.#.# #..#.#.#
##.#.#.# #.#.#.# #.#.# #...#
##..#


You could see 4 gnolls.

Vanquished Creatures
  A dart slug (D:2)
  A ball python (D:2)
  2 endoplasms (D:1)
  3 goblins (D:1)
  2 jackals (D:2)
  2 bats (D:2)
  5 frilled lizards
  A kobold (D:2)
  A rat (D:1)
18 creatures vanquished.

Notes
Turn   | Place    | Note
-------+----------+-------------------------------------------
     0 | D:1      | protoss039 the Demonspawn Earth Elementalist began the
                  | quest for the Orb.
     0 | D:1      | Reached XP level 1. HP: 13/13 MP: 3/3
    62 | D:1      | Reached skill level 1 in Transmutations
  1067 | D:1      | Gained mutation: You are partially covered in razor-sharp
                  | scales. (AC +1, Slay +1) [demonic ancestry]
  1067 | D:1      | Reached XP level 2. HP: 20/20 MP: 5/5
  1516 | D:2      | Found Reufymp's Antique Weapon Emporium.
  1681 | D:2      | Reached skill level 1 in Fighting
  1825 | D:2      | HP: 1/31 [gnoll/+0 halberd (6)]
  1826 | D:2      | Mangled by a gnoll

Illustrated notes

Levels and vault maps discovered:
D:1:      minmay_arrival_four_loops, layout_basic, st_stairs_6
D:2:      layout_basic, serial_shops, shop, shop,
          hellmonk_ecumenical_altar_pennies_from_heaven

Skill      XL: |  1  2 |
---------------+-------+-----
Transmutations | 1 |  1.6
Fighting       | 1 |  1.0
Armour         | |  0.4
Dodging        | |  1.7
Stealth        | |  1.7
Spellcasting   | |  2.1
Earth Magic    | |  2.8

Action                   || total
-------------------------++-------
Melee: Dagger            ||    47
       Unarmed           ||     6
       Punch             ||     1
 Cast: Sandblast         ||     5
  Use: Potion            ||     4
 Stab: Sleeping          ||     3
Armor: Robe              ||     6
       Skin              ||     8
Dodge: Dodged            ||    34
